 Dungeon Crawl Stone Soup version 0.30.0-19-g36f170ea60 (webtiles) character file.

Game seed: 3350816564531542998

5615 xSliceyx the Fighter (level 11, -7/89 HPs)
             Began as a Djinni Hedge Wizard on May 29, 2023.
             Was a Priest of Makhleb.
             Mangled by a two-headed ogre
             ... wielding a +0 giant club
              (33 damage)
             ... on level 10 of the Dungeon.
             The game lasted 00:32:54 (7907 turns).

xSliceyx the Fighter (Djinni Hedge Wizard)          Turns: 7907, Time: 00:32:56

Health: -7/89      AC:  3    Str:  9    XL:     11   Next: 3%
Gold:   486        EV: 12    Int: 21    God:    Makhleb [***...] SH:  0 Dex: 12

rFire   + + .        H - +3 quarterstaff "Qouphaq" {flame, rC+}
rCold   . . .        (shield currently unavailable)
rNeg    . . .        h - +0 robe {Will+}
rPois   ∞            c - +0 hat
rElec   .            B - +0 cloak
rCorr   .            (no gloves)
SInv    .            (boots unavailable)
Will    ++...        q - amulet of regeneration
Stlth   ++           (no ring)
HPRegen 1.14/turn    (no ring)
MPRegen 0.00/turn

%: infuse magic (-8 HP)
@: flying
A: sickness immunity, fire resistance 2, cold vulnerability 1, float, innate
caster, HP casting, extra vitality 1
a: Renounce Religion, Minor Destruction, Lesser Servant of Makhleb


You were on level 10 of the Dungeon.
You worshipped Makhleb.
Makhleb was most pleased with you.
You visited 2 branches of the dungeon, and saw 10 of its levels.

You collected 486 gold pieces.

Inventory:

Hand Weapons
 D - a +4 falchion of holy wrath
 H - the +3 quarterstaff "Qouphaq" (weapon) {flame, rC+}
   (You found it on level 6 of the Dungeon)

   rC:        It protects you from cold.
Missiles
 a - 4 throwing nets
 b - 2 curare-tipped darts
Armour
 c - a +0 hat (worn)
 h - a +0 robe of willpower (worn)
 B - a +0 cloak (worn)
Magical Staves
 s - a staff of poison
Jewellery
 q - an amulet of regeneration (around neck)
 K - a ring of fire
 L - a +5 ring of evasion
Wands
 w - a wand of flame (29)
 x - a wand of roots (3)
 I - a wand of quicksilver (19)
Scrolls
 d - 5 scrolls of teleportation
 g - 3 scrolls of immolation {unknown}
 j - 2 scrolls of enchant weapon {unknown}
 k - a scroll of amnesia {unknown}
 m - 2 scrolls of enchant armour {unknown}
 o - 4 scrolls of fog {unknown}
 p - 3 scrolls of blinking {unknown}
 r - 2 scrolls of magic mapping {unknown}
 y - 3 scrolls of silence {unknown}
 C - 2 scrolls of noise
 F - a scroll of brand weapon {unknown}
 G - a scroll of identify
 M - a scroll of poison {unknown}
 N - a scroll of acquirement {unknown}
Potions
 e - 3 potions of lignification
 f - 2 potions of haste
 i - a potion of ambrosia {unknown}
 l - 2 potions of mutation
 n - 7 potions of curing
 t - 2 potions of heal wounds
 u - 2 potions of cancellation {unknown}
 v - a potion of invisibility {unknown}
 z - a potion of brilliance {unknown}
 A - a potion of berserk rage {unknown}
 E - 2 potions of attraction {unknown}
 J - 2 potions of flight {unknown}


   Skills:
 - Level 12.0 Fighting
 - Level 2.1 Dodging
 - Level 1.5 Stealth
 + Level 8.2 Spellcasting


You knew the following spells:

 Your Spells              Type           Power      Damage    Failure   Level
a - Magic Dart            Conj           100%       1d8       1%          1
b - Slow                  Hex            100%       N/A       1%          1
c - Blink                 Tloc           86%        N/A       1%          2
d - Call Imp              Summ           86%        N/A       1%          2
e - Mephitic Cloud        Conj/Pois/Air  43%        N/A       1%          3
f - Freeze                Ice            100%       1d10      1%          1
g - Lesser Beckoning      Tloc           86%        N/A       1%          2
h - Vampiric Draining     Necr           43%        2d9       1%          3
i - Summon Ice Beast      Ice/Summ       43%        N/A       2%          4
j - Cause Fear            Hex            21%        N/A       2%          4
Your spell library was empty.

Dungeon Overview and Level Annotations

Branches:
Dungeon (10/15)            Temple (1/1) D:4            Lair (0/5) D:9
    Orc: D:9-12

Altars:
Ashenzari
Cheibriados
Dithmenos
Elyvilon
Fedhas
Gozag
Hepliaklqana
Makhleb
Nemelex Xobeh
Okawaru
Qazlal
Ru
Trog
Uskayaw
Wu Jian
Xom
Yredelemnul
Zin
The Shining One

Shops:
D:4 [

Annotations:
D:3 2 runed translucent doors, middlethird's ghost, amateur VSAE


Innate Abilities, Weirdness & Mutations

You are immune to sickness and miasma.
You are immune to poison.
Your flesh is very heat resistant. (rF++)
You are vulnerable to cold. (rC-)
You float through the air rather than walking.
You learn spells naturally, not from books.
Your magical power is your life essence.
You have superior vitality. (+4 MHP)


Message History

Aiming: Vampiric Draining (safe; 1% risk of failure)
Press: ? - help, Shift-Dir - straight line You draw life force from something!
You feel life coursing into your body.
* * * LOW HITPOINT WARNING * * *
Something hits you.
* * * LOW HITPOINT WARNING * * *
Unknown command.
Unknown command.
Casting: Vampiric Draining (safe; 1% risk of failure)
Confirm with . or Enter, or press ? or * to list all spells.
Aiming: Vampiric Draining (safe; 1% risk of failure)
Press: ? - help, Shift-Dir - straight line You draw life force from something!
You feel life coursing into your body. Something hits you!
* * * LOW HITPOINT WARNING * * *
Unknown command.
Unknown command.
Casting: Vampiric Draining (safe; 1% risk of failure)
Confirm with . or Enter, or press ? or * to list all spells.
Aiming: Vampiric Draining (safe; 1% risk of failure)
Press: ? - help, Shift-Dir - straight line You draw life force from something!
Makhleb accepts your kill.
You feel better.
Reactivating autopickup.
You feel a bit more experienced.
You feel life coursing into your body.
* * * LOW HITPOINT WARNING * * *
You have reached level 11!
The power to cast Cause Fear wells up from within.
Spell assigned to 'j'.
Casting: Vampiric Draining (safe; 1% risk of failure)
Confirm with . or Enter, or press ? or * to list all spells.
Aiming: Vampiric Draining (safe; 1% risk of failure)
Press: ? - help, Shift-Dir - straight line, f - two-headed ogre
Aim: a two-headed ogre, wielding two +0 giant clubs (almost dead)
You draw life force from the two-headed ogre.
You feel life coursing into your body.
* * * LOW HITPOINT WARNING * * *
The two-headed ogre hits you with a +0 giant club!!
You die...

.############
.......@Ol..####
.#####.##.#....#
#. #......# #.
###....# #.
..#.## ##
###.########
#...|.......#
#.##..#.###.#
#>......###.###


You could see a two-headed ogre and a komodo dragon (slow).

Vanquished Creatures
  Harold (D:9)
  An unseen horror (D:10)
  A komodo dragon (D:9)
  3 hornets
  A wyvern (D:7)
  Eustachio (D:5)
  2 water moccasins
  An orc warrior (D:7)
  A black bear (D:7)
  A sky beast (D:6)
  2 ogres
  A centaur (D:7)
  A kobold brigand (D:10)
  A phantom (D:4)
  3 bullfrogs
  4 scorpions
  A gnoll sergeant (D:9)
  10 killer bees (D:9)
  2 howler monkeys
  4 crimson imps (D:4)
  5 orc priests
  4 hounds
  3 jellies (D:5)
  A gnoll bouda (D:9)
  2 iguanas
  Natasha (thrice) (D:3)
  4 orc wizards
  A sleepcap (D:4)
  10 gnolls
  14 adders
  2 white imps
  An ufetubus (D:7)
  A worm (D:2)
  A dart slug (D:2)
  15 orcs
  4 bats
  8 endoplasms
  A giant cockroach (D:2)
  3 goblins (D:3)
  7 hobgoblins
  3 jackals (D:1)
  17 kobolds
  4 quokkas
  5 ball pythons
  2 frilled lizards (D:1)
  3 rats
  A spectral hobgoblin (D:9)
167 creatures vanquished.

Vanquished Creatures (collateral kills)
  2 orc warriors
  3 ice beasts (D:6)
  2 orc priests
  A hound (D:6)
  2 orc wizards
  A gnoll (D:6)
  A worm (D:2)
  2 orcs (D:5)
  A bat (D:2)
15 creatures vanquished.

Grand Total: 182 creatures vanquished

Notes
Turn   | Place    | Note
-------+----------+-------------------------------------------
     0 | D:1      | xSliceyx the Djinni Hedge Wizard began the quest for the
                  | Orb.
     0 | D:1      | xSliceyx set off with the following spells memorised: Magic
                  | Dart, Slow, Blink, Call Imp, Mephitic Cloud.
     0 | D:1      | Reached XP level 1. HP: 15/15 MP: 0/0
   200 | D:1      | Reached XP level 2. HP: 19/21 MP: 0/0
   569 | D:1      | Reached XP level 3. HP: 24/25 MP: 0/0
   569 | D:1      | Learned a level 1 spell: Freeze
   906 | D:2      | Reached XP level 4. HP: 26/31 MP: 0/0
  1560 | D:2      | Found an ornate altar of the Wu Jian Council.
  1849 | D:3      | Noticed Natasha
  1858 | D:3      | Reached XP level 5. HP: 35/35 MP: 0/0
  1858 | D:3      | Learned a level 2 spell: Lesser Beckoning
  1992 | D:3      | Found a shadowy altar of Dithmenos.
  2022 | D:3      | Found an ornate altar of the Wu Jian Council.
  2061 | D:3      | Found a large runed translucent door.
  2062 | D:3      | Found a large runed translucent door.
  2068 | D:3      | Noticed middlethird's ghost (amateur VSAE)
  2149 | D:3      | Killed Natasha
  2243 | D:3      | Found a faded altar of an unknown god.
  2345 | D:3      | Noticed Natasha
  2353 | D:3      | Killed Natasha
  2599 | D:3      | Noticed Natasha
  2604 | D:3      | Killed Natasha
  2605 | D:3      | Reached XP level 6. HP: 37/40 MP: 0/0
  2655 | D:3      | Found a snail-covered altar of Cheibriados.
  3096 | D:4      | Found Huaqau's Armour Shoppe.
  3281 | D:4      | Reached skill level 5 in Spellcasting
  3364 | D:4      | Found a shimmering altar of Xom.
  3382 | D:4      | Reached XP level 7. HP: 45/45 MP: 0/0
  3382 | D:4      | Learned a level 3 spell: Vampiric Draining
  3439 | D:4      | Found a staircase to the Ecumenical Temple.
  3445 | Temple   | Entered the Ecumenical Temple
  3551 | Temple   | Became a worshipper of Makhleb the Destroyer
  3914 | D:4      | Found a broken altar of Ashenzari.
  3914 | D:4      | Found a basalt altar of Yredelemnul.
  4185 | D:5      | Entered Level 5 of the Dungeon
  4437 | D:5      | Noticed Eustachio
  4462 | D:5      | Reached XP level 8. HP: 50/50 MP: 0/0
  4479 | D:5      | Killed Eustachio
  5556 | D:6      | Noticed a hornet
  5575 | D:6      | Reached skill level 1 in Fighting
  5596 | D:5      | Reached skill level 2 in Fighting
  5641 | D:5      | Reached skill level 3 in Fighting
  5641 | D:5      | Reached XP level 9. HP: 57/61 MP: 0/0
  5641 | D:5      | Learned a level 4 spell: Summon Ice Beast
  5642 | D:5      | Reached * piety under Makhleb
  5658 | D:6      | Reached skill level 4 in Fighting
  5715 | D:6      | Killed a hornet
  5716 | D:6      | Reached skill level 5 in Fighting
  5788 | D:6      | Identified the +3 quarterstaff "Qouphaq" {flame, rC+}
  5959 | D:6      | Reached skill level 6 in Fighting
  6096 | D:6      | Reached skill level 7 in Fighting
  6409 | D:7      | Reached skill level 8 in Fighting
  6503 | D:7      | Reached XP level 10. HP: 67/77 MP: 0/0
  6523 | D:7      | Reached skill level 9 in Fighting
  6662 | D:7      | You are sucked into a shaft and drop 2 floors!
  6710 | D:9      | Reached ** piety under Makhleb
  6717 | D:9      | Reached skill level 10 in Fighting
  6754 | D:9      | Found an iron altar of Okawaru.
  6883 | D:9      | Found a hazy altar of Hepliaklqana.
  6967 | D:9      | Noticed Harold
  6989 | D:9      | Killed Harold
  6990 | D:9      | Reached skill level 11 in Fighting
  7007 | D:9      | Noticed a komodo dragon
  7045 | D:9      | Killed a komodo dragon
  7127 | D:9      | Found a staircase to the Lair.
  7177 | D:9      | Found a sacrificial altar of Ru.
  7583 | D:10     | Entered Level 10 of the Dungeon
  7608 | D:10     | Reached *** piety under Makhleb
  7609 | D:10     | Reached skill level 12 in Fighting
  7644 | D:10     | Noticed a kobold demonologist
  7646 | D:10     | Noticed a kobold demonologist
  7653 | D:10     | Noticed a kobold demonologist
  7654 | D:10     | Noticed a sun demon
  7850 | D:10     | Noticed a two-headed ogre
  7894 | D:10     | Noticed a komodo dragon
  7906 | D:10     | Killed an unseen horror
  7907 | D:10     | Reached XP level 11. HP: 26/89 MP: 0/0
  7907 | D:10     | Learned a level 4 spell: Cause Fear
  7907 | D:10     | Mangled by a two-headed ogre

Illustrated notes

Levels and vault maps discovered:
D:1:      scummos_arrival_simple_crosswalls, layout_basic, serial_glass,
          glass_columns_b, glass_columns_a, glass_columns_a, glass_columns_a,
          minmay_small_reverse_x
D:2:      layout_basic, basic_altar, minmay_randomly_rotated_circles
D:3:      layout_basic, grunt_dithmenos_smoke_and_mirrors,
          lemuel_coloured_pillars_altar, mainiacjoe_overflow_catwalk,
          ebering_ghost_disaster_area, chequers_ecumenical_altar_twisty,
          uniq_natasha
D:4:      layout_loops_corners, led_xom_imps, gammafunk_temple_overflow_claw,
          minmay_temple_entry_hall, serial_shops, nicolae_shop_crystal
D:5:      layout_basic, grunt_decor_fettered, uniq_eustachio
D:6:      minmay_diamond_boxcup, layout_rooms, dreamdust_gnoll_farm
D:7:      layout_basic, st_stairs_1
D:9:      layout_loops_ring, okawaru_gym_becter,
          nicolae_ru_the_path_less_chosen,
          nicolae_hepliaklqana_monster_ancestors, david_lair_shrubbed,
          uniq_harold
D:10:     layout_loops_cross, serial_shops, shop_fountains
Temple:   hellmonk_temple_forest_ring

Skill      XL: |  1  2  3  4  5  6  7  8  9 10 |
---------------+-------------------------------+-----
Spellcasting   | 3 4 5 6 8 |  8.2
Fighting       | 3 8 12 | 12.0
Dodging        | |  2.1
Stealth        | |  1.5

Action                     |  1- 3 |  4- 6 |  7- 9 | 10-12 || total
---------------------------+-------+-------+-------+-------++-------
  Melee: Falchion          |       |       |     4 |       ||     4
         Quarterstaff      |       |       |       |     1 ||     1
  Throw: Dart              |       |     6 |     6 |     2 ||    14
   Cast: Magic Dart        |    54 |   116 |   192 |   131 ||   493
         Freeze            |     5 |    20 |     8 |     2 ||    35
         Call Imp          |       |     2 |     9 |     1 ||    12
         Slow              |       |     1 |    16 |    15 ||    32
         Blink             |       |     1 |    12 |     4 ||    17
         Vampiric Draining |       |       |    18 |    67 ||    85
         Mephitic Cloud    |       |       |     5 |     8 ||    13
         Summon Ice Beast  |       |       |     6 |     5 ||    11
  Evoke: Wand              |       |       |     7 |       ||     7
    Use: Scroll            |       |       |     6 |       ||     6
 Armour: Robe              |     4 |       |    10 |     9 ||    23
  Dodge: Dodged            |    11 |    14 |    45 |    42 ||   112
